 Dungeon Crawl Stone Soup version 0.18-a0-1195-g77a4f03 (console) character file.

1505 utis the Nimble (level 8, 0/46 HPs)
             Began as a Deep Elf Gladiator on Jan 29, 2016.
             Slain by a wight
             ... wielding a cursed +3 flail
              (1 damage)
             ... on level 7 of the Dungeon.
             The game lasted 00:22:08 (10255 turns).

utis the Nimble (Deep Elf Gladiator)               Turns: 10255, Time: 00:22:08

Health: 0/46       AC:  8    Str:  8    XL:     8   Next: 52%
Magic:  10/10      EV: 10    Int: 16    God:
Gold:   228        SH:  0    Dex: 15    Spells: 0 memorised, 7 levels left

rFire  . . .     SeeInvis .     Y - -1 rapier (curse)
rCold  . . .     Gourm    .     I - +0 scale mail
rNeg   . . .     Faith    .     (no shield)
rPois  .         Spirit   .     c - +0 helmet
rElec  .         Dismiss  .     t - +0 cloak
rCorr  .         Reflect  .     (no gloves)
SustAt .         Harm     .     (no boots)
MR     +....                    (no amulet)
Stlth  ..........               (no ring)
                                m - -4 ring of strength

@: heavily drained, somewhat resistant to hostile enchantments, extremely
unstealthy
A: magic resistance 1
a: no special abilities


You were on level 7 of the Dungeon.
You were hungry.

You visited 1 branch of the dungeon, and saw 7 of its levels.
You also visited: Sewer.

You collected 476 gold pieces.
You spent 248 gold pieces at shops.

Inventory:

Hand Weapons
 a - a +1 quarterstaff
 J - a +2 whip of electrocution
 O - a +2 mace of holy wrath
 Q - a +0 hunting sling
 X - a -1 rapier
 Y - a cursed -1 rapier (weapon)
Missiles
 d - 3 throwing nets {=f}
 h - 215 stones (quivered)
 k - 2 javelins
 l - 2 curare-tipped needles {=f}
 K - 18 sling bullets
 V - 3 exploding tomahawks
Armour
 b - a +0 leather armour
 c - a +0 helmet (worn)
 t - a +0 cloak (worn)
 F - a +0 ring mail
 I - a +0 scale mail (worn)
Magical Staves
 T - an uncursed staff of cold
Jewellery
 m - a -4 ring of strength (left hand)
Wands
 e - a wand of disintegration (24/24)
 r - a wand of random effects (0/48)
 u - a wand of teleportation (6/9)
 y - a wand of teleportation (1/9)
 z - a wand of random effects (25/48)
 P - a wand of lightning (7/15)
Scrolls
 g - a scroll of magic mapping
 i - 3 scrolls of teleportation {!r}
 w - a scroll of recharging
 x - a scroll of enchant weapon
 B - a scroll of amnesia
 C - a scroll of remove curse
 E - a scroll of enchant armour {unknown}
 G - a scroll of noise {unknown}
 H - a scroll of fog {unknown}
 R - a scroll of blinking {!r}
 S - a scroll of identify
 U - a scroll of immolation {unknown}
Potions
 n - 2 potions of brilliance
 o - a potion of might
 p - 6 potions of curing
 q - 2 potions of heal wounds
 s - 2 potions of mutation {unknown}
 v - a potion of ambrosia {unknown}
 A - 2 potions of haste {unknown}
 L - 2 potions of poison {unknown}
 M - a potion of agility {unknown}
 N - 2 potions of flight {unknown}
Comestibles
 f - 4 bread rations
 j - 4 meat rations
 D - 2 beef jerkies
 W - 4 chunks of flesh


   Skills:
 + Level 3.5(1.6) Fighting
 - Level 5.2(3.1) Staves
 - Level 2.0(0.1) Throwing
 - Level 4.5(2.5) Armour
 - Level 9.1(6.8) Dodging


You had 7 spell levels left.
You didn't know any spells.

Dungeon Overview and Level Annotations

Branches:
Dungeon (7/15)
 Temple: D:4-7

Altars:
Ashenzari
Cheibriados
Nemelex Xobeh
Pakellas
Qazlal
Zin
The Shining One

Shops:
D:7 (

Annotations:
D:3 9 exclusions


Innate Abilities, Weirdness & Mutations

You are resistant to hostile enchantments.


Message History

The wight hits you with an enchanted flail.
* * * LOW HITPOINT WARNING * * *
You feel drained.
* * * LOW HITPOINT WARNING * * *
You closely miss the wight.
The wight is almost destroyed.
The wight hits you with an enchanted flail!
* * * LOW HITPOINT WARNING * * *
You barely miss the wight.
The wight is almost destroyed.
The wight barely misses you.
You hit the wight but do no damage.
The wight is almost destroyed.
The wight hits you but does no damage.
You closely miss the wight.
The wight is almost destroyed.
The wight hits you with an enchanted flail.
* * * LOW HITPOINT WARNING * * *
You feel drained.
You die...

.....▓▓▓▓.▓▓..▓▓▓▓...▓▓▓
.....▓▓▓▓..▓...........▓
...........▓.......▓...▓▓
...........▓............▓▓▓▓▓▓
.............▓....▓...........
......⚶∩.....▓▓▓▓▓▓.▓▓▓▓▓▓▓▓▓▓ ..
.......⚶⚶....▓ ▓.▓8▓▓▓8▓▓▓8 ..
▓▓▓..........▓▓▓▓▓▓...........
▓.▓ ▓.........ze................
.. ▓.....▓▓▓▓.▓▓▓..▓...........
▓. ▓..▓..▓ ▓.▓▓▓▓.▓.▓8▓▓▓8▓▓▓8
▓▓.▓▓▓..▓..▓▓▓▓.▓......▓▓▓▓▓▓▓ ▓▓
.....▓......▓.....▓....▓.▓.▓▓▓▓▓▓
........▓▓.)).▓+▓▓▓▓.............
▓▓▓.▓▓.z▓▓.)........▓▓...▓▓......
....................▓8...8▓......
▓▓▓...............▓▓▓▓...▓▓▓.▓▓▓.


You could see a wight.

Vanquished Creatures
  Pikel (D:4)
  A slave (D:4)
  A centaur (D:7)
  A crocodile (Sewer)
  A giant frog (D:6)
  3 crimson imps (D:6)
  A giant frog zombie (D:6)
  2 orc priests
  A giant frog skeleton (D:6)
  A centaur skeleton (D:6)
  Crazy Yiuf (D:2)
  4 orc wizards
  4 worker ants
  A killer bee zombie (D:6)
  A hound zombie (D:6)
  12 adders
  A gnoll (D:6)
  4 river rats (D:3)
  A shadow imp (D:6)
  An ooze (D:1)
  4 worms
  7 giant geckos
  16 orcs
  11 bats
  8 giant cockroaches
  13 hobgoblins
  7 jackals
  10 kobolds
  2 quokkas
  3 giant newts
  5 goblins (D:1)
  2 quokka skeletons (D:4)
  11 rats
142 creatures vanquished.

Notes
Turn   | Place    | Note
--------------------------------------------------------------
     0 | D:1      | utis the Deep Elf Gladiator began the quest for the Orb.
     0 | D:1      | Reached XP level 1. HP: 12/12 MP: 3/3
   227 | D:1      | Reached XP level 2. HP: 16/16 MP: 4/4
   669 | D:1      | Reached skill level 4 in Staves
  1059 | D:1      | Reached XP level 3. HP: 18/20 MP: 5/5
  1248 | D:1      | Found a snail-covered altar of Cheibriados.
  1603 | D:2      | Found a sparkling altar of Nemelex Xobeh.
  1861 | D:2      | Found a glowing silver altar of Zin.
  2499 | D:2      | Reached XP level 4. HP: 18/25 MP: 6/6
  3045 | D:2      | Reached skill level 5 in Staves
  3306 | D:2      | Noticed Crazy Yiuf
  3320 | D:2      | Killed Crazy Yiuf
  3828 | D:2      | Found a glowing golden altar of the Shining One.
  3994 | D:2      | Reached XP level 5. HP: 31/31 MP: 7/7
  4284 | D:3      | Found a stormy altar of Qazlal.
  4783 | D:3      | Found a sparkling altar of Nemelex Xobeh.
  4844 | D:3      | Found a glowing drain.
  4862 | Sewer    | Entered a sewer
  5012 | Sewer    | Noticed a crocodile
  5023 | Sewer    | Killed a crocodile
  5023 | Sewer    | Reached skill level 5 in Dodging
  5023 | Sewer    | Reached XP level 6. HP: 36/36 MP: 8/8
  5768 | D:3      | Gained mutation: You are resistant to hostile enchantments. [potion of beneficial mutation]
  5897 | D:4      | Reached skill level 6 in Dodging
  5994 | D:4      | Reached skill level 1 in Armour
  6269 | D:4      | Noticed a slave
  6270 | D:4      | Noticed Pikel
  6296 | D:4      | Killed a slave
  6496 | D:4      | Killed Pikel
  6496 | D:4      | Reached skill level 8 in Dodging
  6496 | D:4      | Reached XP level 7. HP: 23/40 MP: 9/9
  6657 | D:4      | Found a shattered altar of Ashenzari.
  7044 | D:5      | Entered Level 5 of the Dungeon
  7898 | D:5      | Reached XP level 8. HP: 45/45 MP: 10/10
  9154 | D:6      | Reached skill level 9 in Dodging
  9377 | D:6      | Found an oddly glowing altar of Pakellas.
 10020 | D:7      | Found Ipsey's Antique Weapon Boutique.
 10028 | D:7      | Bought a runed rapier for 124 gold pieces
 10028 | D:7      | Bought a glowing rapier for 124 gold pieces
 10255 | D:7      | HP: 1/46 [wight/enchanted flail (4)]
 10255 | D:7      | Slain by a wight

Vault maps used:
D:1:      roderic_crossed_star, kennysheep_flooded_box, minmay_unequal
D:2:      marbit_many_paths, overflow_temple_1_default,
          nicolae_overflow_crystal_walls, first_bread, uniq_crazy_yiuf_cottage
D:3:      wad_woods_stonehenge, grunt_qazlal_sundering, gup_sewer_entry_pipe
D:4:      nicolae_ashenzari_panopticon, uniq_pikel
D:5:      minmay_misc_feat_iff
D:6:      kennysheep_little_box
D:7:      tgw_trog, minmay_temple_entry_glassed_door, serial_shops, shop_coins,
          nicolae_shop_overgrown_old_shop, shop, serial_corexii_hall,
          corexii_hall_statues_x, corexii_hall_statues_i,
          corexii_hall_statues_deadend, corexii_hall_statues_i, xom_redecorated
Sewer:    sewer_big_baddie

Action                   |  1- 3 |  4- 6 |  7- 9 || total
-------------------------+-------+-------+-------++-------
Melee: Quarterstaff      |   119 |   215 |    60 ||   394
       Whip              |       |       |   110 ||   110
       Rapier            |       |       |    61 ||    61
Throw: Stone             |    41 |    86 |    10 ||   137
       Javelin           |     3 |     2 |       ||     5
Evoke: Wand              |       |    13 |       ||    13
  Use: Scroll            |     4 |     5 |     3 ||    12
       Potion            |       |     1 |       ||     1
 Stab: Paralysed         |       |     1 |       ||     1
  Eat: Chunk             |     5 |    13 |     7 ||    25
       Fruit             |       |       |     3 ||     3
       Beef jerky        |       |       |     1 ||     1
